 Dungeon Crawl Stone Soup version 0.28.0-45-g0d030f2227 (webtiles) character file.

Game seed: 16630609770396314839

4 101zpm the Caller (level 1, 0/10 HPs)
             Began as a Kobold Summoner on Apr 20, 2022.
             Slain by a quokka (4 damage)
             ... on level 1 of the Dungeon.
             The game lasted 00:00:59 (179 turns).

101zpm the Caller (Kobold Summoner)                  Turns: 179, Time: 00:00:59

Health: 0/10       AC:  2    Str:  5    XL:     1   Next: 66%
Magic:  3/3        EV: 15    Int: 16    God:
Gold:   21         SH:  0    Dex: 15    Spells: 3/4 levels left

rFire   . . .      SeeInvis .   (weapon restricted)
rCold   . . .      Faith    .   (no shield)
rNeg    . . .      Spirit   .   a - +0 robe
rPois   .          Reflect  .   (no helmet)
rElec   .          Harm     .   (no cloak)
rCorr   .          Rampage  .   (no gloves)
Will    .....                   (no boots)
Stlth   +++.......              (no amulet)
HPRegen 0.03/turn               (no ring)
MPRegen 0.08/turn               (no ring)

@: no status effects
A: small, no large weapons, nightstalker 3
a: no special abilities


You were on level 1 of the Dungeon.
You visited 1 branch of the dungeon, and saw 1 of its levels.

You collected 21 gold pieces.

Inventory:

Armour
 a - a +0 robe (worn)


   Skills:
 + Level 2.4 Dodging
 + Level 2.7 Stealth
 + Level 2.3 Spellcasting
 + Level 4.1 Summonings


You had 3 spell levels left.
You knew the following spells:

 Your Spells              Type           Power      Damage    Failure   Level
a - Summon Small Mammal   Summ           60%        N/A       3%          1

Your spell library contained the following spells:

 Spells                   Type           Power      Damage    Failure   Level
 Call Imp                 Summ           15%        N/A       5%          2
 Call Canine Familiar     Summ           15%        N/A       11%         3
 Summon Guardian Golem    Hex/Summ       8%         N/A       26%         3
 Summon Lightning Spire   Summ/Air       8%         N/A       65%         4


Dungeon Overview and Level Annotations

Branches:
Dungeon (1/15)

Altars:


Innate Abilities, Weirdness & Mutations

You are small and have problems with some larger weapons.
You are completely attuned to the shadows.


Message History

A quokka comes into view.
A quokka is nearby!
The quokka closely misses you.
You barely miss the quokka. The quokka closely misses you.
The quokka bites you.
You closely miss the quokka.
Your quokka barely misses the quokka.
The quokka bites you.
Ouch! That really hurt!
You are too injured to fight recklessly!
Your quokka closely misses the quokka.
Your rat closely misses the quokka.
Your quokka bites the quokka.
Your quokka barely misses the quokka.
Your rat closely misses the quokka.
Your rat bites the quokka but does no damage.
The quokka bites you but does no damage.
Your quokka closely misses the quokka.
You see here a book of Flames.
What are your orders? t - Shout!
Orders for allies: a - Attack new target. r - Retreat! s - Stop attacking. g - Guard the area. f - Follow me.
Anything else - Cancel.
Gang up on whom?
Press: ? - help, Dir - move target, f - quokka
Aim: a quokka (moderately wounded, ally target) Attack!
The quokka bites you but does no damage.
Your rat barely misses the quokka.
You miss the quokka.
The quokka is moderately wounded.
The quokka closely misses you.
Your rat bites the quokka.
You barely miss the quokka.
The quokka is heavily wounded.
The quokka twitches its whiskers.
The quokka closely misses you.
You barely miss the quokka.
The quokka is heavily wounded.
The quokka misses you.
Your rat closely misses the quokka.
The quokka bites you.
You die...

♣.........
♣#♣♣#.#.## ##.♣#
......#### ♣≈#
......$...
####........
#...........
#.r#.†......
#@rr........
.....###.......
..#####........ ^
#.#+##### ####
.##...###.. ..#
#....r.##.#####.#
.........#)#.....#
..................
.#.#..#....#..#..#


You could see a quokka (ally target), a friendly quokka (summoned) and a
friendly rat (summoned).

Vanquished Creatures (collateral kills)
  A ball python (D:1)
  A goblin (D:1)
  A hobgoblin (D:1)
3 creatures vanquished.

Notes
Turn   | Place    | Note
-------+----------+-------------------------------------------
     0 | D:1      | 101zpm the Kobold Summoner began the quest for the Orb.
     0 | D:1      | Reached XP level 1. HP: 10/10 MP: 3/3
   179 | D:1      | Slain by a quokka

Illustrated notes

Levels and vault maps discovered:
D:1:      saegor_arrival_under_anarchy, layout_basic

Action                   || total
-------------------------++-------
Melee: Unarmed           ||     9
 Cast: Summon Small Mamm ||     4
Armor: Robe              ||     3
Dodge: Dodged            ||     9
